 Dungeon Crawl Stone Soup version 0.23.2-33-g5129a83184 (webtiles) character file.

Game seed: 4581974418014296711

157 senseless the Slasher (level 4, 0/37 HPs)
             Began as a Demigod Gladiator on July 3, 2019.
             Killed by divine providence
             ... invoked by an orc priest
              (15 damage)
             ... on level 3 of the Dungeon.
             The game lasted 00:09:48 (2514 turns).

senseless the Slasher (Demigod Gladiator)           Turns: 2514, Time: 00:09:50

Health: 0/37       AC:  5    Str: 17    XL:     4   Next: 93%
Magic:  6/6        EV: 15    Int: 12    God:
Gold:   147        SH:  0    Dex: 19    Spells: 3/3 levels left

rFire    . . .     SeeInvis .   a - +0 long sword
rCold    . . .     Gourm    .   (no shield)
rNeg     . . .     Faith    .   b - +0 leather armour
rPois    .         Spirit   .   c - +0 helmet
rElec    .         Reflect  .   (no cloak)
rCorr    .         Harm     .   (no gloves)
MR       .....                  h - +0 pair of boots
Stlth    +.........             (no amulet)
HPRegen  0.12/turn              s - +1 ring of evasion
MPRegen  0.10/turn              (no ring)

@: no status effects
A: high mp 1
a: no special abilities


You were on level 3 of the Dungeon.
You were not hungry.

You visited 1 branch of the dungeon, and saw 3 of its levels.

You collected 147 gold pieces.

Inventory:

Hand Weapons
 a - a +0 long sword (weapon)
 p - a +1 hunting sling of freezing
Missiles
 d - 3 throwing nets (quivered)
 q - 12 sling bullets
Armour
 b - a +0 leather armour (worn)
 c - a +0 helmet (worn)
 h - a +0 pair of boots (worn)
 m - a +0 large shield
Jewellery
 s - a +1 ring of evasion (left hand)
Wands
 r - a wand of polymorph (9)
Scrolls
 e - 2 scrolls of remove curse
 n - a scroll of enchant weapon {unknown}
 t - a scroll of identify {unknown}
Potions
 g - 2 potions of degeneration {unknown}
 i - a potion of berserk rage {unknown}
 j - 2 potions of curing
 k - a potion of brilliance {unknown}
 l - a potion of resistance {unknown}
Comestibles
 f - 4 rations
 o - 6 chunks of flesh


   Skills:
 + Level 2.8 Fighting
 * Level 4.2 Long Blades
 - Level 1.7 Throwing
 + Level 3.5 Dodging


You had 3 spell levels left.
You didn't know any spells.
Your spell library was empty.

Dungeon Overview and Level Annotations

Branches:
Dungeon (3/15)


Innate Abilities, Weirdness & Mutations

You have an increased reservoir of magic. (+10% MP)


Message History

The orc wizard is heavily wounded.
The orc wizard casts a spell.
The orc wizard blinks!
You hit the orc priest.
The orc priest is lightly wounded.
The orc priest hits you with a +0 flail.
You barely miss the orc priest.
The orc priest is lightly wounded.
The orc priest invokes the aid of Beogh against you.
Beogh smites you! The orc wizard barely misses you.
You are too injured to fight recklessly!
You are too injured to fight recklessly!
You are too injured to fight recklessly!
You barely miss the orc wizard.
The orc wizard is heavily wounded.
The orc wizard mumbles some strange words.
The orc wizard blinks!
The orc priest calls down the wrath of Beogh upon you.
Beogh smites you!
You die...

............# ###g.##
..÷....(....# #.....# #o#
......).....###.....# ##.#
.. ....................#
#..#%.
...>........######..#
#..#.. ............#
#..###.... ...........##
#.......#
............#######.#..#.#
##..#####......§@o.....(.#
###.#
#####...####.#(..####. #
#.# ###o..##..(#....... #
# ###...#....#####.
###.....o### ###......#
#....##.# #...#.......
#..#####....go


You could see an orc priest and an orc wizard.

Vanquished Creatures
  Jessica (D:3)
  4 adders
  3 oozes
  A worm (D:2)
  3 dart slugs (D:2)
  2 leopard geckos (D:1)
  5 orcs (D:3)
  3 ball pythons
  2 giant cockroaches
  9 goblins
  8 hobgoblins
  2 jackals (D:3)
  9 bats
  2 frilled lizards (D:1)
  4 kobolds
  9 rats
67 creatures vanquished.

Notes
Turn   | Place    | Note
-------+----------+-------------------------------------------
     0 | D:1      | senseless the Demigod Gladiator began the quest for the
                  | Orb.
     0 | D:1      | Reached XP level 1. HP: 17/17 MP: 3/3
    38 | D:1      | Reached skill level 3 in Long Blades
    82 | D:1      | Reached XP level 2. HP: 14/24 MP: 4/4
   248 | D:1      | Found a sparkling altar of Nemelex Xobeh.
   987 | D:1      | Reached XP level 3. HP: 27/29 MP: 5/5
  1103 | D:2      | Found a white marble altar of Elyvilon.
  1211 | D:2      | Found an opulent altar of Gozag.
  1381 | D:2      | Found a shimmering altar of Xom.
  1383 | D:2      | Found a shimmering altar of Xom.
  1386 | D:2      | Found a shimmering altar of Xom.
  1386 | D:2      | Found a shimmering altar of Xom.
  1386 | D:2      | Found a shimmering altar of Xom.
  1386 | D:2      | Found a shimmering altar of Xom.
  1676 | D:2      | Found a hide-covered altar of Uskayaw.
  1816 | D:2      | Reached XP level 4. HP: 36/37 MP: 6/6
  1891 | D:3      | Found a faded altar of an unknown god.
  1938 | D:3      | Reached skill level 4 in Long Blades
  2337 | D:3      | Noticed Jessica
  2458 | D:3      | Killed Jessica
  2514 | D:3      | Killed from afar by an orc priest

Skill      XL: |  1  2  3  4 |
---------------+-------------+-----
Fighting       | 2 |  2.8
Long Blades    | 3 4 |  4.2
Dodging        | 3 |  3.5
Throwing       | |  1.7

Action                   |  1- 3 |  4- 6 || total
-------------------------+-------+-------++-------
Melee: Long sword        |   114 |    73 ||   187
  Use: Scroll            |     3 |       ||     3
 Stab: Sleeping          |     3 |     1 ||     4
       Distracted        |     1 |     1 ||     2
  Eat: Chunk             |     3 |     2 ||     5
Armor: Leather armour    |    37 |    18 ||    55
Dodge: Dodged            |    99 |    84 ||   183
       Rpst.: Long sword |    32 |    22 ||    54
